 Dungeon Crawl Stone Soup version 0.27.1-33-g824d729ab1 (webtiles) character file.

Game seed: 10467190264306228802

77 austinbyrn the Skirmisher (level 4, -1/29 HPs)
             Began as a Gargoyle Fighter on Dec 29, 2021.
             Killed from afar by an orc wizard (3 damage)
             ... with a puff of flame
             ... on level 2 of the Dungeon.
             The game lasted 00:02:36 (1850 turns).

austinbyrn the Skirmisher (Gargoyle Fighter)        Turns: 1850, Time: 00:02:38

Health: -1/29      AC: 12    Str: 20    XL:     4   Next: 34%
Magic:  4/4        EV:  7    Int:  9    God:
Gold:   45         SH:  9    Dex:  9    Spells: 3/3 levels left

rFire    . . .     SeeInvis .   a - +0 flail
rCold    . . .     Faith    .   c - +0 kite shield
rNeg     + . .     Spirit   .   b - +0 scale mail
rPois    ∞         Reflect  .   g - +1 helmet
rElec    +         Harm     .   (no cloak)
rCorr    .         Rampage  .   (no gloves)
Will     .....                  (no boots)
Stlth    ..........             (no amulet)
HPRegen  0.09/turn              (no ring)
MPRegen  0.09/turn              (no ring)

@: no status effects
A: sickness immunity, AC +3, negative energy resistance 1, electricity
resistance, torment resistance 1, petrification resistance
a: no special abilities


You were on level 2 of the Dungeon.
You visited 1 branch of the dungeon, and saw 2 of its levels.

You collected 45 gold pieces.

Inventory:

Hand Weapons
 a - a +0 flail (weapon)
Armour
 b - a +0 scale mail (worn)
 c - a +0 kite shield (worn)
 g - a +1 helmet (worn)
Scrolls
 e - a scroll of magic mapping {unknown}
 f - a scroll of identify {unknown}
Potions
 d - a potion of might
 h - a potion of curing


   Skills:
 + Level 3.9 Fighting
 * Level 3.4 Maces & Flails
 - Level 3.2 Armour
 + Level 3.9 Shields


You had 3 spell levels left.
You didn't know any spells.
Your spell library contained the following spells:

 Spells                   Type           Power      Damage    Failure   Level
 Shock                    Conj/Air       0%         1d3       99%         1
 Swiftness                Air            0%         N/A       100%        3
 Airstrike                Air            0%         N/A       100%        4


Dungeon Overview and Level Annotations

Branches:
Dungeon (2/15)

Altars:


Innate Abilities, Weirdness & Mutations

You are immune to sickness and miasma.
Your stone body is resilient. (AC +3)
You are immune to poison.
You resist negative energy. (rN+)
You are resistant to electric shocks. (rElec)
You are resistant to unholy torment.
You are immune to petrification.


Message History

The orc is almost dead.
The orc hits you but does no damage. You block the orc's attack.
You hit the orc.
You kill the orc!
No target in view!
An orc priest and an orc wizard come into view.
The orc wizard shouts!
The orc priest shouts!
Things that are here:
a +0 dagger; a +0 leather armour
There are monsters nearby!
The orc wizard hits you but does no damage.
The orc priest casts a cantrip, but nothing happens.
You see here 13 gold pieces.
You hit the orc wizard.
The orc wizard is moderately wounded.
The orc wizard points at you and mumbles some strange words.
The puff of flame hits you.
The orc wizard hits you but does no damage.
You barely miss the orc wizard.
The orc wizard is moderately wounded.
The orc wizard mumbles some strange words.
The orc wizard flickers and vanishes!
Deactivating autopickup; reactivate with Ctrl-A.
You closely miss something. Something hits you.
Something hits you but does no damage.
You miss something. Something hits you.
The orc priest begins to cast a cantrip, but forgets the words!
You miss something. Something hits you but does no damage.
The orc priest calls down the wrath of Beogh upon you.
Beogh smites you! Something hits you.
You sock something! Something hits you.
You miss something. You block something's attack.
You miss something. Something hits you but does no damage.
The orc priest calls down the wrath of Beogh upon you.
Beogh smites you!
* * * LOW HITPOINT WARNING * * *
You hear some strange, mumbled words.
A puff of flame appears from out of thin air!
The puff of flame hits you.
You die...

#...........##.#............#
#.#.#######.##.##.#########.#
#.#.........##.##.# #.#
#.#########.##.##.# #.# #.#
#.##.##.# #.## #.#
..####.##.##.# #... #.
........).....# ####
........#.##### #######>#@#
#.#{# #.#o# #.#.# ..#.# ###.#
#.# #.#


You could see an orc priest.

Vanquished Creatures
  An adder (D:2)
  2 dart slugs
  An orc (D:2)
  5 ball pythons
  2 bats (D:1)
  4 endoplasms (D:1)
  3 giant cockroaches
  5 goblins
  6 hobgoblins
  15 jackals (D:1)
  3 quokkas (D:1)
  A frilled lizard (D:1)
  3 rats (D:1)
51 creatures vanquished.

Notes
Turn   | Place    | Note
-------+----------+-------------------------------------------
     0 | D:1      | austinbyrn the Gargoyle Fighter began the quest for the
                  | Orb.
     0 | D:1      | Reached XP level 1. HP: 14/14 MP: 1/1
   183 | D:1      | Reached XP level 2. HP: 19/19 MP: 2/2
   682 | D:1      | Reached XP level 3. HP: 23/23 MP: 3/3
  1584 | D:1      | Reached XP level 4. HP: 29/29 MP: 4/4
  1850 | D:2      | Killed from afar by an orc wizard

Illustrated notes

Levels and vault maps discovered:
D:1:      amcnicky_arrival_single_pillar, layout_rooms, minivault_11
D:2:      layout_loops_ring

Skill      XL: |  1  2  3 |
---------------+----------+-----
Maces & Flails | 3 |  3.4
Fighting       | |  3.9
Armour         | |  3.2
Shields        | |  3.9

Action                   |  1- 3 |  4- 6 || total
-------------------------+-------+-------++-------
Melee: Flail             |   146 |    48 ||   194
  Use: Potion            |     1 |       ||     1
Armor: Scale mail        |   145 |    31 ||   176
Dodge: Dodged            |    69 |    12 ||    81
Block: Kite shield       |   119 |    19 ||   138
